Map: [ESL] Solaris

Players

Krystianer - Winner!

  • Race: Protoss Protoss
  • Spawn Location: 7:00

PtitDrogo

  • Race: Protoss Protoss
  • Spawn Location: 1:00

Event: ESL SC2 Masters 2023 Winter (Regional)

VOD

Have the link to the VOD?

Description

Time

  • Played on: Nov. 2, 2023, 9:54 a.m.
  • Length: 9:56

All games in this series

Show
View Real Time Build Order
Export as new Build Order

Krystianer Protoss - Winner!

Build Orders: Phoenix Opening, Blink Stalkers 

Get SALT Encoding   

  12  0:00  Probe  
  13  0:12  Probe  
  14  0:16  Pylon  
  14  0:24  Probe (Chrono Boost)  
  16  0:36  Probe (Chrono Boost)  
  16  0:37  Gateway  
  16  0:41  Probe (Chrono Boost)  
  16  0:45  Assimilator  
  17  0:51  Probe  
  17  0:53  Assimilator  
  18  1:03  Probe (Chrono Boost)  
  19  1:07  Gateway  
  19  1:12  Probe (Chrono Boost)  
  19  1:17  Probe (Chrono Boost)  
  20  1:24  Cybernetics Core  
  21  1:29  Probe  
  22  1:33  Pylon  
  22  1:42  Probe  
  23  1:54  Probe  
  24  2:00  Warp Gate, Stalker x2  
  28  2:06  Probe  
  29  2:11  Shield Battery  
  29  2:17  Pylon  
  29  2:19  Probe  
  30  2:35  Sentry  
  32  2:42  Nexus  
  31  2:45  Probe  
  32  2:54  Twilight Council  
  32  2:57  Probe  
  33  3:03  Stalker  
  35  3:06  Phoenix  
  35  3:09  Probe  
  36  3:13  Pylon  
  36  3:21  Probe  
  37  3:28  Blink (Chrono Boost)  
  37  3:33  Probe  
  38  3:45  Probe (Chrono Boost)  
  39  3:49  Stalker x2  
  45  3:56  Probe (Chrono Boost)  
  45  3:57  Probe (Chrono Boost)  
  46  4:03  Probe (Chrono Boost)  
  46  4:04  Probe (Chrono Boost)  
  47  4:12  Probe (Chrono Boost)  
  47  4:13  Stalker x2  
  53  4:17  Probe (Chrono Boost)  
  53  4:20  Probe (Chrono Boost)  
  55  4:24  Probe (Chrono Boost)  
  55  4:25  Robotics Facility  
  56  4:33  Pylon  
  56  4:37  Stalker x2  
  59  4:49  Nexus  
  59  4:51  Probe  
  60  4:53  Probe  
  61  5:00  Adept  
  61  5:01  Adept  
  61  5:03  Shield Battery  
  61  5:05  Probe  
  61  5:06  Probe  
  67  5:11  Pylon  
  67  5:14  Observer  
  68  5:18  Probe x2  
  70  5:30  Probe x2  
  72  5:42  Probe x2  
  72  5:45  Stalker x2  
  72  5:49  Forge  
  75  5:50  Observer  
  75  5:53  Charge  
  75  5:54  Probe (Chrono Boost)  
  77  5:59  Probe (Chrono Boost)  
  79  6:04  Probe (Chrono Boost)  
  79  6:06  Probe (Chrono Boost)  
  79  6:07  Gateway  
  79  6:08  Probe (Chrono Boost), Pylon  
  79  6:09  Gateway  
  79  6:10  Stalker  
  83  6:11  Stalker  
  83  6:14  Protoss Ground Weapons Level 1 (Chrono Boost), Probe  
  83  6:17  Pylon  
  87  6:23  Probe  
  86  6:29  Probe  
  86  6:30  Gateway, Probe  
  86  6:32  Gateway  
  85  6:34  Gateway  
  85  6:35  Probe  
  85  6:36  Gateway  
  85  6:39  Stalker x2  
  89  6:40  Phoenix  
  89  6:41  Probe  
  90  6:50  Probe  
  90  6:52  Nexus, Probe  
  90  6:53  Pylon  
  92  6:59  Gateway  
  92  7:00  Gateway  
  92  7:03  Probe x2  
  94  7:09  Warp Prism (Chrono Boost)  
  94  7:12  Probe, Pylon  
  94  7:15  Probe  
  98  7:16  Probe  
  98  7:17  Zealot  
  101  7:26  Pylon  
  101  7:27  Zealot x4  
  108  7:30  Probe  
  108  7:32  Stalker  
  108  7:35  Stalker  
  113  7:39  Observer (Chrono Boost)  
  113  7:42  Pylon  
  114  7:56  Zealot x5  
  124  8:00  Zealot x4, Pylon  
  131  8:09  Pylon  
  131  8:18  Zealot x6  
  141  8:21  Zealot x2  
  141  8:37  Zealot x2  
  141  8:43  Zealot x8  
  141  8:46  Probe  
  141  8:47  Probe  
Show
View Real Time Build Order
Export as new Build Order

PtitDrogo Protoss 

Build Orders: Phoenix Opening, Blink Stalkers 

Get SALT Encoding   

  12  0:00  Probe  
  13  0:13  Probe  
  14  0:18  Pylon  
  14  0:25  Probe  
  15  0:36  Gateway  
  15  0:38  Probe (Chrono Boost)  
  16  0:47  Probe (Chrono Boost)  
  16  0:48  Assimilator  
  17  0:52  Probe (Chrono Boost)  
  17  0:56  Assimilator  
  18  1:04  Probe (Chrono Boost)  
  18  1:08  Gateway  
  19  1:13  Probe (Chrono Boost)  
  20  1:18  Probe  
  20  1:24  Cybernetics Core  
  21  1:30  Probe  
  22  1:37  Pylon  
  22  1:43  Probe  
  23  1:55  Probe  
  23  1:58  Warp Gate (Chrono Boost)  
  23  2:01  Stalker x2  
  28  2:07  Probe  
  29  2:12  Pylon  
  29  2:19  Probe  
  30  2:32  Sentry  
  32  2:43  Nexus  
  31  2:45  Probe  
  31  2:48  Sentry  
  34  2:55  Shield Battery  
  34  2:58  Probe  
  35  3:03  Phoenix  
  35  3:11  Twilight Council, Probe  
  36  3:16  Pylon  
  36  3:23  Probe  
  37  3:35  Probe  
  37  3:40  Blink (Chrono Boost), Stalker x2  
  43  3:49  Probe (Chrono Boost)  
  43  3:55  Probe (Chrono Boost)  
  45  4:04  Probe (Chrono Boost)  
  45  4:05  Stalker, Probe (Chrono Boost)  
  45  4:07  Stalker  
  45  4:09  Probe (Chrono Boost)  
  50  4:12  Probe  
  52  4:21  Probe  
  52  4:24  Probe  
  54  4:31  Stalker x2  
  56  4:36  Probe x2  
  60  4:40  Pylon  
  60  4:42  Phoenix  
  60  4:48  Nexus  
  60  4:50  Probe  
  60  4:51  Probe  
  62  4:58  Stalker  
  62  4:59  Stalker  
  66  5:03  Probe  
  66  5:04  Shield Battery  
  67  5:10  Probe  
  67  5:12  Pylon  
  67  5:14  Assimilator  
  68  5:16  Probe  
  68  5:20  Forge  
  68  5:21  Charge  
  69  5:24  Probe  
  70  5:31  Probe  
  70  5:33  Stalker x2  
  75  5:41  Probe  
  73  5:47  Probe (Chrono Boost)  
  73  5:50  Protoss Ground Weapons Level 1 (Chrono Boost)  
  73  5:52  Gateway  
  73  5:53  Gateway, Probe (Chrono Boost)  
  74  6:00  Adept x2  
  81  6:05  Probe (Chrono Boost)  
  81  6:06  Probe (Chrono Boost)  
  81  6:08  Probe (Chrono Boost)  
  81  6:10  Robotics Facility  
  82  6:15  Probe (Chrono Boost)  
  83  6:19  Probe (Chrono Boost)  
  83  6:23  Probe (Chrono Boost)  
  84  6:26  Probe  
  85  6:36  Probe (Chrono Boost)  
  85  6:39  Pylon  
  84  6:40  Probe (Chrono Boost)  
  84  6:44  Stalker x2, Probe (Chrono Boost)  
  84  6:46  Gateway  
  84  6:47  Gateway, Probe (Chrono Boost)  
  89  6:51  Probe (Chrono Boost)  
  89  6:52  Probe x2 (Chrono Boost)  
  92  6:57  Assimilator x2  
  92  6:58  Observer  
  92  7:00  Zealot x2, Probe  
  98  7:03  Templar Archives, Probe  
  98  7:06  Gateway  
  98  7:07  Gateway, Assimilator  
  99  7:13  Gateway x2  
  99  7:17  Gateway  
  99  7:19  Gateway  
  99  7:21  Probe x2  
  101  7:29  Pylon, Phoenix  
  101  7:30  Pylon  
  101  7:40  Pylon  
  101  7:41  Pylon  
  101  7:42  Pylon  
  101  7:43  Pylon  
  101  7:45  Pylon x2  
  101  7:47  Warp Prism, Probe  
  104  8:03  High Templar x2  
  104  8:04  High Templar x2, Zealot  
  104  8:05  Zealot  
  114  8:08  Archon x2  
  114  8:11  Pylon  
  113  8:14  Zealot x4  
  119  8:21  Pylon  
  113  8:27  Zealot x2  
  113  8:35  Zealot x4  
  112  8:41  Zealot x3  
  112  8:42  Zealot  
  101  8:49  Zealot x2  
  101  8:53  Probe  
  79  8:57  Zealot x4  
Tags
 
Add a new tag
Caveats
  • Supply blocks, unpowered buildings, or Contaminate may cause inaccurate times.
  • Supply counts are checked every 10 seconds.